AoeStats
← Oji San

Runestones

507482407Analyzed
1v1 RM · 14d ago on Sep 18, 2026· 33m 15s· 2 players
Game mode
Random Map
Map size
Tiny (2 player)
Population
200
Speed
Normal
Resources
Standard
Victory
Conquest
Starting age
Dark Age
Ending age
Imperial Age
RankedLock teamsTeams togetherTeam positionsShared explorationLock speedFull tech treeHidden civsTurbo modeCheats
Victory
Defeat
🇲🇽 Cumans · Mexico
896
+17
🇮🇩 Spanish · Indonesia
918
-38
Angelcaido01
9:18 Feudal Age
10:29 Man-at-Arms
23:12 Forging
27:36 Scale Mail Armor
Oji San
10:08 Feudal Age
8:25 Loom
18:18 Bloodlines
29:42 Fletching
Connection lost

Rejoining the realm…

Still unreachable

The connection could not be restored.

Session expired

The server has moved on; the page needs a fresh start.